 Dungeon Crawl Stone Soup version 0.27-a0-67-g4bfc8a49e1 (webtiles) character file.

Game seed: 16356700822459531653

283 Borgoz the Covered (level 6, -3/42 HPs)
             Began as a Halfling Fighter on Jan 9, 2021.
             Splashed by a jelly's acid (10 damage)
             ... on level 3 of the Dungeon.
             The game lasted 00:02:11 (2467 turns).

Borgoz the Covered (Halfling Fighter)               Turns: 2467, Time: 00:02:12

Health: -3/42      AC: -4    Str: 17    XL:     6   Next: 54%
Magic:  6/6        EV:  9    Int:  6    God:
Gold:   92         SH: 10    Dex: 16    Spells: 5/5 levels left

rFire    . . .     SeeInvis .   a - +0 long sword
rCold    . . .     Faith    .   c - +0 kite shield
rNeg     . . .     Spirit   .   b - +0 scale mail
rPois    .         Reflect  .   (no helmet)
rElec    .         Harm     .   (no cloak)
rCorr    .         Rampage  .   (no gloves)
Will     .....                  (no boots)
Stlth    ..........             (no amulet)
HPRegen  0.14/turn              (no ring)
MPRegen  0.10/turn              (no ring)

@: corroded
A: small, mutation resistance 1
a: no special abilities


You were on level 3 of the Dungeon.
You visited 1 branch of the dungeon, and saw 3 of its levels.

You collected 92 gold pieces.

Inventory:

Hand Weapons
 a - a +0 long sword (weapon)
Armour
 b - a +0 scale mail (worn)
 c - a +0 kite shield (worn)
Jewellery
 n - an uncursed ring of wizardry
Scrolls
 d - a scroll of amnesia {unknown}
 e - 3 scrolls of identify {unknown}
 f - 3 scrolls of remove curse {unknown}
 h - a scroll of random uselessness {unknown}
 i - a scroll of fear {unknown}
 j - a scroll of fog {unknown}
 k - a scroll of blinking {unknown}
 m - a scroll of immolation {unknown}
Potions
 g - a potion of invisibility


   Skills:
 + Level 3.6 Fighting
 * Level 4.3 Long Blades
 + Level 4.4 Armour
 + Level 4.4 Shields


You had 5 spell levels left.
You didn't know any spells.
Your spell library was empty.

Dungeon Overview and Level Annotations

Branches:
Dungeon (3/15)

Altars:
Elyvilon

Annotations:
D:3 Ijyb


Innate Abilities, Weirdness & Mutations

You are small and have problems with some larger weapons.
You are somewhat resistant to further mutation.


Message History

You hit the jelly but do no damage.
Your hands burn!
The jelly is heavily wounded.
The jelly hits you.
You are splashed with acid.
You block the jelly's attack.
You are too injured to fight recklessly!
You are too injured to fight recklessly!
You are too injured to fight recklessly!
You hit the jelly.
Your hands burn!
The jelly is almost dead.
The jelly hits you. The acid corrodes you!
You are splashed with acid.
* * * LOW HITPOINT WARNING * * *
A goblin comes into view. It is wielding a +0 club.
The goblin shouts!
The jelly barely misses you.
You riposte.
You hit the jelly but do no damage.
The jelly is almost dead.
You block the jelly's attack.
There is a stone staircase leading up here.
The jelly hits you.
* * * LOW HITPOINT WARNING * * *
You are splashed with acid!
You die...

################
#..............#
#.......####.#
#.......###
#......@..#
#.....J.#.#
#....g..#.##
####............
#......#####.###
. #......# .#
.######......# #
..g..##......#
.....##......#


You could see a jelly and a goblin.

Vanquished Creatures
  Sigmund (D:2)
  Jessica (D:2)
  A worker ant (D:2)
  2 adders (D:2)
  2 dart slugs (D:2)
  3 leopard geckos
  3 giant cockroaches
  8 goblins
  8 hobgoblins
  4 bats
  5 kobolds
  5 rats
43 creatures vanquished.

Notes
Turn   | Place    | Note
-------+----------+-------------------------------------------
     0 | D:1      | Borgoz the Halfling Fighter began the quest for the Orb.
     0 | D:1      | Reached XP level 1. HP: 15/15 MP: 1/1
   192 | D:1      | Reached XP level 2. HP: 20/20 MP: 2/2
   746 | D:2      | Reached XP level 3. HP: 22/25 MP: 3/3
   823 | D:2      | Reached XP level 4. HP: 16/31 MP: 4/4
  1319 | D:2      | Noticed Jessica
  1331 | D:2      | Killed Jessica
  1332 | D:2      | Reached XP level 5. HP: 36/36 MP: 5/5
  1638 | D:2      | Noticed Sigmund
  1658 | D:2      | Killed Sigmund
  1659 | D:2      | Reached XP level 6. HP: 6/42 MP: 6/6
  2119 | D:2      | Found a white marble altar of Elyvilon.
  2245 | D:3      | Noticed Ijyb
  2467 | D:3      | Splashed by a jelly's acid

Illustrated notes

Levels and vault maps discovered:
D:1:      nzn_arrival_crosshair, layout_rooms, st_stairs_6
D:2:      layout_rooms, elyvilon_altar_1, kennysheep_generic_room_6,
          uniq_sigmund, uniq_jessica
D:3:      layout_loops_cross, nicolae_xom_altar_mimics, uniq_ijyb

Skill      XL: |  1  2  3  4  5 |
---------------+----------------+-----
Fighting       | 3 |  3.6
Long Blades    | 3 4 |  4.3
Armour         | 4 |  4.4
Shields        | 4 |  4.4

Action                   |  1- 3 |  4- 6 || total
-------------------------+-------+-------++-------
Melee: Long sword        |    59 |    75 ||   134
  Use: Potion            |       |     3 ||     3
 Stab: Invisible         |       |     1 ||     1
Armor: Scale mail        |    21 |    24 ||    45
Dodge: Dodged            |    25 |    34 ||    59
Block: Kite shield       |    34 |    41 ||    75
       Rpst.: Long sword |     8 |     9 ||    17

Table legend: (Time is in decaauts)
 A = Elapsed time spent in this place.
 B = Non-inter-level travel time spent in this place.
 C = Inter-level travel time spent in this place.
 D = Time resting spent in this place.
 E = Time spent auto-exploring this place.
 F = Levels seen in this place.
 G = Mean time per level.
                   A        B        C        D        E       F      G
               +--------+--------+--------+--------+--------+-----+--------+
         Total |   2511 |   2465 |     46 |   1040 |   1090 |   3 |  837.0 |
       Dungeon |   2511 |   2465 |     46 |   1040 |   1090 |   3 |  837.0 |
               +--------+--------+--------+--------+--------+-----+--------+

Top non-repeatable levels by time:
     D:2: 1711 daAuts
     D:1: 754 daAuts
     D:3: 45 daAuts
